 Dungeon Crawl Stone Soup version 0.25.0-1-g7eea58d2a3 (webtiles) character file.

Game seed: 16069714186299995170

437 theswoord the Slasher (level 6, -38/44 HPs)
             Began as a Demonspawn Gladiator on June 14, 2020.
             Was an Initiate of Wu Jian.
             Killed from afar by a jackal (41 damage)
             ... with an exploding inner flame
             ... hexed by the player character
             ... on level 5 of the Dungeon.
             The game lasted 00:06:28 (5125 turns).

theswoord the Slasher (Demonspawn Gladiator)        Turns: 5125, Time: 00:06:29

Health: -38/44     AC:  6    Str: 16    XL:     6   Next: 69%
Magic:  6/6        EV: 14    Int:  9    God:    Wu Jian [......]
Gold:   218        SH:  5    Dex: 15    Spells: 5/5 levels left

rFire    . . .     SeeInvis .   a - +1 long sword
rCold    . . .     Gourm    .   (no shield)
rNeg     . . .     Faith    .   q - +0 scale mail
rPois    .         Spirit   .   (helmet restricted)
rElec    .         Reflect  +   (no cloak)
rCorr    .         Harm     .   (no gloves)
MR       .....                  (no boots)
Stlth    ..........             j - amulet of reflection
HPRegen  0.14/turn              m - +4 ring of evasion
MPRegen  0.10/turn              (no ring)

@: mighty
A: antennae 2, rot immunity
a: Renounce Religion


You were on level 5 of the Dungeon.
You worshipped Wu Jian.
Wu Jian was noncommittal.
You were not hungry.

You visited 2 branches of the dungeon, and saw 6 of its levels.

You collected 218 gold pieces.

Inventory:

Hand Weapons
 a - a +1 long sword (weapon)
Missiles
 d - 3 throwing nets (quivered)
Armour
 b - a +0 leather armour
 c - a +0 helmet
 q - a +0 scale mail (worn)
 v - a +0 cloak
Jewellery
 j - an amulet of reflection (around neck)
 m - a +4 ring of evasion (left hand)
 o - an uncursed amulet of reflection
Scrolls
 e - 5 scrolls of identify
 i - a scroll of teleportation
 l - a scroll of remove curse
 w - a scroll of blinking
Potions
 k - 2 potions of brilliance
 p - a potion of degeneration
 t - a potion of magic
 u - 3 potions of curing
Comestibles
 f - 6 rations
 g - 3 chunks of flesh


   Skills:
 - Level 2.0 Fighting
 + Level 7.0 Long Blades
 - Level 1.7 Throwing
 - Level 2.6 Dodging


You had 5 spell levels left.
You didn't know any spells.
Your spell library contained the following spells:

 Spells                   Type           Power        Failure   Level  Hunger
 Summon Small Mammal      Summ           #...         83%         1    ##.....
 Call Imp                 Summ           #.......     93%         2    ###....
 Call Canine Familiar     Summ           #.......     99%         3    ####...
 Summon Guardian Golem    Hex/Summ       #.......     99%         3    ####...
 Summon Ice Beast         Ice/Summ       #.......     100%        4    #####..
 Summon Lightning Spire   Summ/Air       #.......     100%        4    #####..


Dungeon Overview and Level Annotations

Branches:
Dungeon (5/15)             Temple (1/1) D:4

Altars:
Ashenzari
Dithmenos
Elyvilon
Fedhas
Hepliaklqana
Kikubaaqudgha
Makhleb
Nemelex Xobeh
Qazlal
Ru
Sif Muna
Uskayaw
Vehumet
Wu Jian
Yredelemnul
Zin
The Shining One

Shops:
D:4 :   D:5 =


Innate Abilities, Weirdness & Mutations

You have a pair of antennae on your head.
You are immune to rotting.


Message History

The fiery explosion engulfs the quokka!!!
The quokka explodes!
The Council accepts your kill. x3
The fiery explosion engulfs Edmund!!
Edmund explodes!
The fiery explosion engulfs the jackal!!!
The jackal explodes!
The fiery explosion engulfs you!!
Ouch! That really hurt!
* * * LOW HITPOINT WARNING * * *
The fiery explosion engulfs the jackal!!
The jackal explodes!
The fiery explosion engulfs you!
* * * LOW HITPOINT WARNING * * *
The Council accepts your kill. x3
Your Long Blades skill increases to level 7!
The Council accepts your kill. The fiery explosion engulfs you!!!
Ouch! That really hurt!
You die...

* *,,,,,,,,,,,* #..# #.#......
*********####* #..#*#.#######
#...* #..#....,,,,,, #...*
#..#.#.#*****, #...*
#...<#..,,,,,, #.%.*
#..########### ******* #.§§*
#.............
,,,,,,******#§§§####'############
,,,,,,,,,,,,+§§§@.....# **≈≈≈≈
,,,,,,******#§§§###...# **≈****
,,,,,,******#§§.* #...# *{**{,≈
,,,,,,*,,,,§§§§o* #...# *,*≈≈,≈
,,,,,,*,,..§§§.#* #...# *,*≈,,≈
,,,,,,*,,o.§§§.* #...# *≈*≈≈,≈
*******,,......* #...# **≈**≈≈,
*,,......* #...# **≈******
***,,,,,,,,* *,,,* *≈**≈,≈≈,


You could see an orc priest (inner flame) and an orc.

Vanquished Creatures
  Edmund (D:5)
  A howler monkey (D:4)
  2 hounds
  2 worker ants (D:5)
  A killer bee zombie (D:4)
  A hound zombie (D:2)
  A hound skeleton (D:4)
  4 adders
  2 oozes (D:2)
  2 worms (D:2)
  3 leopard geckos
  10 orcs
  9 bats
  3 giant cockroaches
  7 hobgoblins
  3 jackals (D:5)
  5 kobolds
  3 quokkas
  2 ball pythons
  5 frilled lizards
  3 goblins
  A leopard gecko skeleton (D:4)
  A quokka skeleton (D:4)
  5 rats (D:2)
77 creatures vanquished.

Notes
Turn   | Place    | Note
-------+----------+-------------------------------------------
     0 | D:1      | theswoord the Demonspawn Gladiator began the quest for the
                  | Orb.
     0 | D:1      | Reached XP level 1. HP: 16/16 MP: 1/1
   289 | D:1      | Reached skill level 3 in Long Blades
   599 | D:1      | Gained mutation: You have a pair of small antennae on your
                  | head. [demonic ancestry]
   599 | D:1      | Reached XP level 2. HP: 20/22 MP: 2/2
  1681 | D:2      | Reached skill level 4 in Long Blades
  1681 | D:2      | Reached XP level 3. HP: 26/27 MP: 3/3
  2604 | D:2      | Gained mutation: You have a pair of antennae on your head.
                  | [demonic ancestry]
  2604 | D:2      | Reached XP level 4. HP: 24/33 MP: 4/4
  3005 | D:3      | You fall into a shaft and drop 1 floor!
  3005 | D:4      | Found Juiduplu's Book Boutique.
  3106 | D:4      | Reached skill level 5 in Long Blades
  3314 | D:4      | Found a staircase to the Ecumenical Temple.
  3320 | D:4      | Reached XP level 5. HP: 38/38 MP: 5/5
  3921 | Temple   | Entered the Ecumenical Temple
  4610 | D:5      | Entered Level 5 of the Dungeon
  4699 | D:5      | Reached skill level 6 in Long Blades
  4760 | Temple   | Became a worshipper of the Wu Jian Council
  4868 | D:5      | Found Fuet's Jewellery Shoppe.
  5002 | D:5      | Gained mutation: You are immune to rotting. [demonic
                  | ancestry]
  5002 | D:5      | Reached XP level 6. HP: 44/44 MP: 6/6
  5119 | D:5      | Noticed Edmund
  5125 | D:5      | Killed Edmund
  5125 | D:5      | Reached skill level 7 in Long Blades
  5125 | D:5      | Killed from afar by a jackal

Skill      XL: |  1  2  3  4  5  6 |
---------------+-------------------+-----
Long Blades    | 3 4 5 6 7 |  7.0
Fighting       | |  2.0
Throwing       | |  1.7
Dodging        | |  2.6

Action                   |  1- 3 |  4- 6 || total
-------------------------+-------+-------++-------
Melee: Long sword        |   110 |   135 ||   245
Invok: Lunge             |       |     2 ||     2
  Use: Scroll            |       |    14 ||    14
       Potion            |       |     1 ||     1
 Stab: Sleeping          |     1 |       ||     1
  Eat: Chunk             |     5 |     8 ||    13
Armor: Leather armour    |    10 |       ||    10
       Scale mail        |     6 |    27 ||    33
Dodge: Dodged            |    85 |    93 ||   178
Block: Other             |     6 |    30 ||    36
       Rpst.: Long sword |    26 |    27 ||    53

Levels and vault maps discovered:
D:1:      heliophobic_arrival_ceremonial_halls, layout_basic
D:2:      layout_basic, minmay_3d_cube
D:3:      layout_rooms
D:4:      layout_loops_corners, temple_fountains, serial_shops, shop,
          item_on_display_a
D:5:      cheibrodos_two_vegetables, layout_basic, first_ration, serial_shops,
          kennysheep_mini, uniq_edmund
Temple:   regret_index_temple_sigil_plot
